 Dungeon Crawl Stone Soup version 0.31-a0-43-g46d131a48f (webtiles) character file.

Game seed: 17577501583085955612

11364 IdlyInterested the Fighter (level 11, -2/98 HPs)
             Began as a Demonspawn Wanderer on May 17, 2023.
             Was a Believer of Qazlal.
             Slain by an orc knight
             ... wielding a +0 great sword
              (10 damage)
             ... on level 11 of the Dungeon on May 18, 2023.
             The game lasted 00:43:35 (10407 turns).

IdlyInterested the Fighter (Demonspawn Wanderer)   Turns: 10407, Time: 00:43:36

Health: -2/98      AC: 13    Str: 17    XL:     11   Next: 48%
Magic:  0/11       EV:  9    Int: 15    God:    Qazlal [**....]
Gold:   918        SH:  0    Dex: 13    Spells: 10/10 levels left

rFire   + + .        q - +9 spear (vamp)
rCold   . . .        (no shield)
rNeg    . . .        G - +1 fire dragon scales
rPois   +            e - +1 hat {SInv}
rElec   .            (no cloak)
rCorr   +            m - +1 pair of gloves
SInv    +            g - +0 pair of boots
Will    .....        f - amulet of regeneration Stlth
                     y - ring of poison resistance
HPRegen 1.16/turn    w - ring of Suspected Treachery {rC+ rCorr Str+2 SInv}
MPRegen 0.24/turn

%: guardian spirit
@: confused, mighty, ambrosia-drunk, slowed, unable to read, very slow
A: powered by pain 2, magic shield, magic regeneration, weakness stinger 1,
demonic touch 2, horns 1, camouflage 1, inability to read after injury 1,
MP-powered wands
a: Renounce Religion, Upheaval


You were on level 11 of the Dungeon.
You worshipped Qazlal.
Qazlal was pleased with you.
You visited 2 branches of the dungeon, and saw 12 of its levels.
You also visited: Bailey.

You collected 918 gold pieces.

Inventory:

Hand Weapons
 a - a +2 spear
 c - the +2 trident of Ru's Anger {heavy, rPois Dex+3}
   (You found it on level 9 of the Dungeon)

   Dex:       It affects your dexterity (+3).
   rPois:     It protects you from poison.
 q - a +9 vampiric spear (weapon)
 K - a +1 spear of venom
Missiles
 h - 6 silver boomerangs
 i - 11 stones (quivered)
 n - a throwing net
 x - 18 poisoned darts
 D - 5 datura-tipped darts
 Q - 5 boomerangs
 Y - a curare-tipped dart
Armour
 e - a +1 hat of see invisible (worn)
 g - a +0 pair of boots (worn)
 m - a +1 pair of gloves (worn)
 G - +1 fire dragon scales (worn)
 N - a +3 leather armour
Magical Staves
 v - a staff of fire
Jewellery
 f - an amulet of regeneration (around neck)
 w - the ring of Suspected Treachery (right hand) {rC+ rCorr Str+2 SInv}
   (You found it on level 10 of the Dungeon)

   [ring of resist corrosion]

   Str:       It affects your strength (+2).
   rC:        It protects you from cold.
   SInv:      It lets you see invisible.
   rCorr:     It protects you from acid and corrosion.
 y - a ring of poison resistance (left hand)
 M - a +6 ring of intelligence
 Z - a ring of fire
Wands
 j - a wand of paralysis (2)
 t - a wand of mindburst (18)
 C - a wand of acid (6)
 F - a wand of flame (32)
 H - a wand of iceblast (4)
Scrolls
 b - 2 scrolls of enchant armour
 d - a scroll of vulnerability {unknown}
 o - 2 scrolls of magic mapping
 p - 9 scrolls of teleportation
 u - 2 scrolls of fear
 A - a scroll of torment {unknown}
 B - 2 scrolls of amnesia
 I - a scroll of summoning {unknown}
 J - 3 scrolls of fog
 O - a scroll of noise {unknown}
 V - a scroll of acquirement {unknown}
Potions
 k - a potion of ambrosia
 l - a potion of resistance {unknown}
 r - a potion of berserk rage {unknown}
 s - a potion of lignification {unknown}
 z - a potion of attraction
 E - a potion of flight
 L - 3 potions of curing
 P - a potion of magic {unknown}
 T - a potion of mutation
 W - 2 potions of invisibility
 X - a potion of haste


   Skills:
 + Level 13.1 Fighting
 * Level 11.6 Polearms
 - Level 1.0 Ranged Weapons
 - Level 2.0 Throwing
 - Level 2.0 Armour
 - Level 2.0 Dodging
 - Level 2.6 Stealth
 - Level 2.0 Evocations


You had 10 spell levels left.
You didn't know any spells.
Your spell library contained the following spells:

 Spells                   Type           Power      Damage    Failure   Level
 Magic Dart               Conj           0%         1d3       75%         1
 Sting                    Tmut/Pois      0%         1d3       75%         1
 Blink                    Tloc           0%         N/A       87%         2
 Call Imp                 Summ           0%         N/A       87%         2
 Lesser Beckoning         Tloc           0%         N/A       87%         2
 Momentum Strike          Conj/Tloc      0%         3d8       87%         2
 Poisonous Vapours        Pois/Air       0%         N/A       87%         2
 Sublimation of Blood     Necr           0%         N/A       87%         2
 Wereblood                Tmut           0%         N/A       87%         2
 Dazzling Flash           Conj/Hex       0%         N/A       98%         3
 Mephitic Cloud           Conj/Pois/Air  0%         N/A       98%         3
 Animate Dead             Necr           0%         N/A       100%        4
 Cause Fear               Hex            0%         N/A       100%        4
 Olgreb's Toxic Radiance  Pois           0%         N/A       100%        4
 Agony                    Necr           0%         N/A       100%        5
 Borgnjor's Vile Clutch   Necr/Erth      0%         N/A       100%        5
 Silence                  Hex/Air        0%         N/A       100%        5
 Death Channel            Necr           0%         N/A       100%        6
 Dragon Form              Tmut           0%         N/A       100%        7
 Summon Hydra             Summ           0%         N/A       100%        7
 Dragon's Call            Summ           0%         N/A       100%        9


Dungeon Overview and Level Annotations

Branches:
Dungeon (11/15)            Temple (1/1) D:4             Orc (0/2) D:11
 Bailey (visited)
   Lair: D:8-11

Altars:
Ashenzari
Cheibriados
Dithmenos
Fedhas
Gozag
Hepliaklqana
Kikubaaqudgha
Makhleb
Nemelex Xobeh
Okawaru
Qazlal
Ru
Sif Muna
Trog
Uskayaw
Vehumet
Wu Jian
Xom
Yredelemnul

Shops:
D:2 (   D:3 :   D:7 (   D:11 [

Portals:
Trove: D:10 (show slimy rune of Zot)


Innate Abilities, Weirdness & Mutations

You sometimes gain power by taking damage.
When hurt, damage is shared between your health and your magic reserves.
You regenerate magic rapidly.
You have a small tail.
Your touch may inflict irresistible damage on your foes.
You have a pair of small horns on your head.
Your skin changes colour to match your surroundings (Stealth+).
You occasionally lose the ability to read scrolls when taking damage.
You expend magic power (3 MP) to strengthen your wands.


Message History

You headbutt the wraith, but do no damage.
The wraith is almost destroyed.
You hit the wraith but do no damage.
You headbutt the wraith, but do no damage.
The wraith is almost destroyed.
The wraith hits you. The wraith drains your vigour!
You feel yourself slow down.
The orc warrior hits you from afar with a +0 glaive.
You puncture the wraith!
You destroy the wraith!
Qazlal accepts your kill.
You barely miss the orc knight.
The orc warrior hits you with a +0 flail!
The orc warrior hits you but does no damage.
The orc knight closely misses you.
You hit the orc knight but do no damage.
The orc warrior hits you but does no damage.
The orc knight hits you with a +0 great sword.
The orc warrior hits you with a +0 flail!
You hit the orc knight but do no damage.
The orc warrior hits you from afar with a +0 glaive!!
You feel threatened and lose the ability to read scrolls!
* * * LOW HITPOINT WARNING * * *
You focus on the pain.
You feel very mighty all of a sudden. The orc hits you but does no damage.
The orc knight hits you but does no damage.
The orc warrior barely misses you.
You are confused.
You feel invigorated.
The orc warrior hits you from afar with a +0 glaive!!
* * * LOW HITPOINT WARNING * * *
The orc warrior closely misses you. The orc closely misses you.
The orc knight hits you with a +0 great sword.
* * * LOW HITPOINT WARNING * * *
You bump into the rock wall.
The orc warrior barely misses you.
The orc warrior hits you from afar with a +0 glaive!
* * * LOW HITPOINT WARNING * * *
The orc knight hits you with a +0 great sword!
You die...

..$......
#.$.∩.>.
#......
.(...$ ....
#o.# ###
#oo# #..
#@o# #.#
#§.###.#
###......#
.......##..#
#####..##..#
#..##..#
#......#
##...#.#####
#..........#
###


You could see an orc knight, 2 orc warriors and an orc (strong).

Vanquished Creatures
  Gastronok (D:9)
  2 vault guards (Bailey)
  The ghost of retardedninja the Magician, a novice GnFE of Cheibriados (D:8)
  Nergalle (D:10)
  Maggie (D:10)
  A guardian mummy (D:10)
  3 trolls
  A hornet (D:9)
  Prince Ribbit (Bailey)
  A vampire (D:8)
  2 humans (Bailey)
  2 wraiths (D:11)
  10 yaks
  Grum (D:10)
  An acid dragon (D:9)
  2 water moccasins
  4 orc warriors
  A sky beast (D:7)
  An ice beast (D:8)
  2 wolves (D:9)
  2 phantoms
  3 centaurs
  4 kobold brigands
  2 gnoll sergeants (D:6)
  12 bullfrogs
  3 scorpions
  6 wights
  8 killer bees (D:8)
  A howler monkey (D:9)
  A hound (D:5)
  2 orc priests
  A jelly (D:7)
  2 gnoll boudas
  3 iguanas
  5 orc wizards
  18 gnolls
  6 adders
  A shadow imp (D:8)
  A white imp (D:6)
  An ufetubus (D:5)
  4 worms
  3 dart slugs
  44 orcs
  5 ball pythons
  4 endoplasms
  A giant cockroach (D:1)
  6 goblins
  4 hobgoblins
  8 jackals
  3 quokkas
  9 bats
  2 frilled lizards
  23 kobolds
  6 rats
243 creatures vanquished.

Notes
Turn   | Place    | Note
-------+----------+-------------------------------------------
     0 | D:1      | IdlyInterested the Demonspawn Wanderer began the quest for
                  | the Orb.
     0 | D:1      | IdlyInterested set off with the following items: a +2
                  | spear, a +0 sling, a +0 pair of boots, a potion of heal
                  | wounds, a +0 robe.
     0 | D:1      | Reached XP level 1. HP: 13/13 MP: 1/1
   193 | D:1      | Reached skill level 1 in Fighting
   230 | D:1      | Gained mutation: You regenerate magic rapidly. [demonic
                  | ancestry]
   230 | D:1      | Reached XP level 2. HP: 21/21 MP: 2/2
   439 | D:1      | Reached skill level 1 in Armour
   722 | D:2      | Reached skill level 2 in Fighting
   771 | D:2      | Reached XP level 3. HP: 27/27 MP: 3/3
   789 | D:2      | Reached skill level 1 in Throwing
   953 | D:2      | Found Pirewiotz's Antique Weapon Boutique.
  1022 | D:2      | Reached skill level 3 in Fighting
  1022 | D:2      | Discovered your monstrous ancestry.
  1022 | D:2      | Gained mutation: Your touch may inflict minor irresistible
                  | damage on your foes. [demonic ancestry]
  1022 | D:2      | Reached XP level 4. HP: 35/35 MP: 4/4
  1897 | D:3      | Found Huuw's Book Shop.
  2487 | D:4      | Found a staircase to the Ecumenical Temple.
  2506 | D:4      | Noticed a scorpion
  2523 | D:4      | Killed a scorpion
  2524 | D:4      | Reached skill level 4 in Fighting
  2524 | D:4      | Reached XP level 5. HP: 42/42 MP: 5/5
  2533 | Temple   | Entered the Ecumenical Temple
  2883 | D:4      | Found a blossoming altar of Fedhas.
  2915 | D:4      | Found a hazy altar of Hepliaklqana.
  3187 | D:4      | Noticed a phantom
  3200 | D:4      | Killed a phantom
  3201 | D:4      | Reached skill level 5 in Fighting
  3201 | D:4      | Gained mutation: When hurt, damage is shared between your
                  | health and your magic reserves. [demonic ancestry]
  3201 | D:4      | Reached XP level 6. HP: 49/51 MP: 6/6
  3232 | D:5      | Entered Level 5 of the Dungeon
  4245 | D:5      | Reached skill level 6 in Fighting
  4532 | D:6      | Noticed a yak
  4532 | D:6      | Noticed a yak
  4532 | D:6      | Noticed a yak
  4532 | D:6      | Noticed a yak
  4609 | D:6      | Reached XP level 7. HP: 58/58 MP: 7/7
  4706 | D:6      | Reached skill level 7 in Fighting
  4786 | D:6      | Gained mutation: Your touch may inflict irresistible damage
                  | on your foes. [demonic ancestry]
  4786 | D:6      | Reached XP level 8. HP: 37/66 MP: 5/8
  4897 | D:6      | Found a sparkling altar of Nemelex Xobeh.
  4952 | D:6      | Reached skill level 8 in Fighting
  4970 | D:6      | Reached skill level 5 in Polearms
  4976 | D:6      | Reached skill level 9 in Fighting
  5043 | D:6      | Gained mutation: You sometimes gain a little power by
                  | taking damage. [demonic ancestry]
  5043 | D:6      | Reached XP level 9. HP: 78/78 MP: 9/9
  5043 | D:6      | Upgraded the game from 0.31-a0-40-g1d5085d191 to
                  | 0.31-a0-43-g46d131a48f
  5184 | D:6      | Reached skill level 10 in Fighting
  5551 | D:7      | Found Ical's Antique Weapon Shop.
  6270 | D:7      | Found an ancient bone altar of Kikubaaqudgha.
  6281 | D:7      | Found a stormy altar of Qazlal.
  6428 | D:7      | Became a worshipper of Qazlal Stormbringer
  6871 | D:8      | Found a broken altar of Ashenzari.
  6872 | D:8      | Gained mutation: You occasionally shout uncontrollably at
                  | your foes. [potion of mutation]
  6872 | D:8      | Gained mutation: You possess an exceptional clarity of
                  | mind. [potion of mutation]
  6872 | D:8      | Lost mutation: You possess an exceptional clarity of mind.
                  | [potion of mutation]
  6873 | D:8      | Lost mutation: You occasionally shout uncontrollably at
                  | your foes. [potion of mutation]
  6873 | D:8      | Gained mutation: You have a pair of small horns on your
                  | head. [potion of mutation]
  6873 | D:8      | Gained mutation: Your skin changes colour to match your
                  | surroundings (Stealth+). [potion of mutation]
  6873 | D:8      | Gained mutation: You occasionally lose the ability to read
                  | scrolls when taking damage. [potion of mutation]
  6873 | D:8      | Gained mutation: You expend magic power (3 MP) to
                  | strengthen your wands. [potion of mutation]
  6999 | D:8      | Reached skill level 11 in Fighting
  7075 | D:8      | Found a runed translucent gate.
  7075 | D:8      | Found a runed translucent gate.
  7075 | D:8      | Found a runed translucent gate.
  7077 | D:8      | Found an opulent altar of Gozag.
  7274 | D:8      | Reached * piety under Qazlal
  7277 | D:8      | Found a sacrificial altar of Ru.
  7361 | D:8      | Found a radiant altar of Vehumet.
  7811 | D:8      | Noticed retardedninja's ghost (novice GnFE)
  7856 | D:8      | Killed retardedninja's ghost
  7857 | D:8      | Gained mutation: You sometimes gain power by taking damage.
                  | [demonic ancestry]
  7857 | D:8      | Reached XP level 10. HP: 63/88 MP: 6/10
  7974 | D:9      | Noticed Gastronok
  8002 | D:9      | Killed Gastronok
  8032 | D:9      | Reached skill level 12 in Fighting
  8068 | D:9      | Found a flagged portal.
  8087 | Bailey   | Entered a bailey
  8226 | Bailey   | Noticed a vault guard
  8253 | Bailey   | Killed a vault guard
  8253 | Bailey   | Reached ** piety under Qazlal
  8254 | Bailey   | Reached skill level 10 in Polearms
  8300 | Bailey   | Noticed Prince Ribbit
  8300 | Bailey   | Noticed a vault guard
  8307 | Bailey   | Killed Prince Ribbit
  8316 | Bailey   | Killed a vault guard
  8317 | Bailey   | Gained mutation: You have a small tail. [demonic ancestry]
  8317 | Bailey   | Reached XP level 11. HP: 88/96 MP: 4/11
  8781 | D:9      | Identified the +2 trident of Ru's Anger {heavy, rPois
                  | Dex+3}
  9047 | D:10     | Entered Level 10 of the Dungeon
  9093 | D:10     | Noticed Grum
  9120 | D:10     | Killed Grum
  9332 | D:10     | Identified the ring of Suspected Treachery {rC+ rCorr Str+2
                  | SInv}
  9372 | D:10     | Found a portal to a secret trove of treasure.
  9625 | D:10     | Noticed Maggie
  9641 | D:10     | Killed Maggie
  9681 | D:10     | Reached skill level 13 in Fighting
  9874 | D:10     | Noticed Nergalle
  9882 | D:10     | Killed Nergalle
 10044 | D:10     | Found a shadowy altar of Dithmenos.
 10382 | D:11     | Found Roovaiko's Armour Shop.
 10386 | D:11     | Found a staircase to the Orcish Mines.
 10386 | D:11     | Noticed an orc knight
 10406 | D:11     | HP: 4/98 [orc knight/+0 great sword (4)]
 10407 | D:11     | Slain by an orc knight

Illustrated notes

Levels and vault maps discovered:
D:1:      ebering_trefoil_3fold, layout_loops_ring
D:2:      layout_basic, serial_shops, nicolae_shop_advertising_works
          [nicolae_subvault_shop_adworks]
D:3:      minmay_evil_eye, layout_basic, mainiacjoe_overflow_tiny_flanked,
          serial_shops, shop
D:4:      layout_loops_ring, fedhas_altar_1, overflow_temple_1_default,
          minmay_temple_entry_tees
D:5:      minmay_skewed_foursquare, layout_basic
D:6:      layout_gridville, mainiacjoe_overflow_large_starburst
D:7:      layout_basic, mainiacjoe_overflow_big_doors, serial_shops, shop
D:8:      layout_loops_corners, cheibrodos_ashenzari_chains,
          vehumet_altar_wand_db, mainiacjoe_overflow_concentric_impassable,
          ebering_ghost_gozag
D:9:      layout_gridville, serial_glass, glass_columns_a, glass_columns_a,
          enter_bailey_4, uniq_gastronok
D:10:     layout_cave_pods, lemuel_coloured_pillars_altar,
          nicolae_trove_entry_path_of_doom, uniq_grum, uniq_maggie,
          uniq_nergalle
D:11:     layout_loops_ring, grunt_lair_entry_orc_guard_hut, orc_david_3
Temple:   jpeg_temple_clearing

Skill      XL: |  1  2  3  4  5  6  7  8  9 10 11 |
---------------+----------------------------------+-----
Fighting       | 1 2 3 4 5 6 7 9 11 12 13 | 13.1
Armour         | 1 2 |  2.0
Throwing       | 1 2 |  2.0
Polearms       | 4 5 7 10 11 | 11.6
Dodging        | 2 |  2.0
Evocations     | 2 |  2.0
Ranged Weapons | |  1.0
Stealth        | |  2.6

Action                     |  1- 3 |  4- 6 |  7- 9 | 10-12 || total
---------------------------+-------+-------+-------+-------++-------
  Melee: Spear             |    95 |   224 |   345 |   298 ||   962
         Touch             |       |    36 |    48 |    54 ||   138
         Punch             |       |     5 |     5 |     2 ||    12
         Headbutt          |       |       |    19 |    69 ||    88
         Tailslap          |       |       |       |    23 ||    23
  Throw: Stone             |       |     4 |    16 |    21 ||    41
         Dart              |       |       |       |     3 ||     3
  Evoke: Wand              |       |       |     5 |     4 ||     9
    Use: Potion            |       |     2 |     9 |     4 ||    15
         Scroll            |       |     2 |     3 |     8 ||    13
   Stab: Sleeping          |     5 |     1 |       |       ||     6
         Invisible         |       |     3 |     5 |       ||     8
 Armour: Robe              |     6 |       |       |       ||     6
         Scale mail        |    14 |    52 |       |       ||    66
         Fire dragon scale |       |    35 |   112 |    80 ||   227
  Dodge: Dodged            |    25 |    87 |   125 |    65 ||   302
  Block: Other             |       |       |     1 |    13 ||    14

Table legend: (Time is in decaauts)
 A = Elapsed time spent in this place.
 B = Non-inter-level travel time spent in this place.
 C = Inter-level travel time spent in this place.
 D = Time resting spent in this place.
 E = Time spent auto-exploring this place.
 F = Levels seen in this place.
 G = Mean time per level.
                   A        B        C        D        E       F      G
               +--------+--------+--------+--------+--------+-----+--------+
         Total |  10164 |   8654 |   1510 |    223 |   5907 |  13 |  781.8 |
       Dungeon |   9794 |   8340 |   1454 |    200 |   5880 |  11 |  890.4 |
        Temple |    111 |     55 |     56 |      0 |     15 |   1 |  111.0 |
        Bailey |    257 |    257 |      0 |     23 |     12 |   1 |  257.0 |
               +--------+--------+--------+--------+--------+-----+--------+

Top non-repeatable levels by time:
     D:7: 1201 daAuts
     D:8: 1182 daAuts
     D:5: 1162 daAuts
     D:6: 1043 daAuts
    D:10: 1041 daAuts
     D:3: 880 daAuts
     D:2: 879 daAuts
     D:9: 826 daAuts
     D:4: 769 daAuts
     D:1: 714 daAuts
  Bailey: 257 daAuts
  Temple: 111 daAuts
    D:11: 93 daAuts
